 Dungeon Crawl Stone Soup version 0.23.1 (webtiles) character file.

Game seed: 16931158491472565339

745 Kairos the Chopper (level 7, 0/37 HPs)
             Began as a Vine Stalker Fighter on Mar 5, 2019.
             Succumbed to a gnoll sergeant's poison
             ... on level 5 of the Dungeon.
             The game lasted 00:04:58 (3711 turns).

Kairos the Chopper (Vine Stalker Fighter)           Turns: 3711, Time: 00:04:59

Health: 0/37       AC:  7    Str: 25      XL:     7   Next: 76%
Magic:  5/8        EV:  8    Int:  7 (8)  God:
Gold:   317        SH: 10    Dex: 13 (14) Spells: 6/6 levels left

rFire    . . .     SeeInvis .   a - +0 war axe
rCold    . . .     Gourm    .   c - +0 shield
rNeg     . . .     Faith    .   b - +0 scale mail
rPois    .         Spirit   +   (no helmet)
rElec    .         Reflect  .   (no cloak)
rCorr    .         Harm     .   (no gloves)
MR       .....                  (no boots)
Stlth    ..........             (no amulet)
HPRegen  0.52/turn              q - ring of wizardry
MPRegen  0.11/turn              o - ring of flight

@: mighty, lethally poisoned (0 -> -16)
A: fangs 2, deterioration 1, regeneration 1, magic shield, antimagic bite, no
potion heal 3, rot immunity
a: Evoke Flight


You were on level 5 of the Dungeon.
You were hungry.

You visited 1 branch of the dungeon, and saw 5 of its levels.

You collected 317 gold pieces.

Inventory:

Hand Weapons
 a - a +0 war axe (weapon)
Armour
 b - a +0 scale mail (worn)
 c - a +0 shield (worn)
Jewellery
 o - a ring of flight (right hand)
 q - a ring of wizardry (left hand)
Wands
 t - a wand of random effects (14)
Scrolls
 e - 3 scrolls of identify {unknown}
 h - 4 scrolls of remove curse
 j - 2 scrolls of amnesia {unknown}
 k - 2 scrolls of fog {unknown}
 m - a scroll of magic mapping {unknown}
 n - a scroll of random uselessness {unknown}
 p - 4 scrolls of teleportation
 s - a scroll of blinking {unknown}
Potions
 d - a potion of might
 g - 2 potions of cancellation
 i - 3 potions of curing
 l - 2 potions of heal wounds
 r - a potion of haste {unknown}
Comestibles
 f - 12 rations


   Skills:
 + Level 3.8 Fighting
 + Level 5.1 Axes
 + Level 3.7 Armour
 + Level 1.5 Dodging
 + Level 0.7 Stealth
 + Level 4.3 Shields


You had 6 spell levels left.
You didn't know any spells.
Your spell library was empty.

Dungeon Overview and Level Annotations

Branches:
Dungeon (5/15)
 Temple: D:4-7

Altars:
Hepliaklqana


Innate Abilities, Weirdness & Mutations

You have extremely sharp teeth.
Your natural rate of healing is unusually fast.
When hurt, damage is shared between your health and your magic reserves.
Your bite disrupts and absorbs the magic of your enemies.
Potions cannot restore your health.
You are immune to rotting.
Your body sometimes deteriorates upon taking damage.


Message History

The gnoll sergeant hits you with a +0 spear of venom.
* * * LOW HITPOINT WARNING * * *
You are more poisoned.
The gnoll hits you but does no damage. You block the gnoll's attack.
The gnoll sergeant hits you but does no damage.
You slash the gnoll sergeant!
You kill the gnoll sergeant!
Your Axes skill increases to level 5!
You slash the gnoll!
* * * LOW HITPOINT WARNING * * *
You feel very sick.
The gnoll hits you but does no damage. x2
* * * LOW HITPOINT WARNING * * *
You feel very sick. The gnoll hits you but does no damage.
Items here: ) [[ † a +0 spear of venom; a cursed +0 ring mail; a cursed +0 buckler; a gnoll corpse Your shield and scale mail prevent you from hitting the gnoll.
The gnoll is almost dead.
You die...

#....# #.#..# #.....
#.#..# .....## ..##.##
.....# ####†.# ....#
#.....## ...# ####...#
..#
####.#.#########.#######
...............)@g......
.....#.#.#.#.###)#######
.....#.#<#.....#g#
.....#.#####.#.#.#
.....#.........#.#
.....#.........#.#
.....#..####.#...#
...#.#....#....###
...#.#.........#


You could see 2 gnolls.

Vanquished Creatures
  A gnoll sergeant (D:5)
  2 scorpions (D:4)
  2 hounds
  3 orc priests (D:4)
  3 orc wizards (D:4)
  Jessica (D:2)
  An iguana (D:5)
  2 worker ants (D:4)
  2 hound skeletons (D:4)
  6 gnolls
  5 adders
  2 adder skeletons (D:4)
  6 worms
  A dart slug (D:1)
  2 leopard geckos (D:4)
  15 orcs (D:4)
  3 ball pythons
  7 giant cockroaches
  4 goblins
  6 hobgoblins
  2 jackals (D:4)
  2 quokkas
  10 bats
  5 frilled lizards
  4 kobolds
  10 rats
107 creatures vanquished.

Notes
Turn   | Place    | Note
-------+----------+-------------------------------------------
     0 | D:1      | Kairos the Vine Stalker Fighter began the quest for the
                  | Orb.
     0 | D:1      | Reached XP level 1. HP: 11/11 MP: 2/2
    99 | D:1      | Reached XP level 2. HP: 16/16 MP: 3/3
   874 | D:1      | Gained mutation: You are clumsy. (Dex -2) [potion of
                  | mutation]
   874 | D:1      | Gained mutation: Your body sometimes deteriorates upon
                  | taking damage. [potion of mutation]
   874 | D:1      | Lost mutation: You are clumsy. (Dex -2) [potion of
                  | mutation]
  1206 | D:2      | Reached skill level 2 in Axes
  1240 | D:2      | Reached XP level 3. HP: 11/20 MP: 2/4
  2063 | D:2      | Noticed Jessica
  2071 | D:2      | Killed Jessica
  2071 | D:2      | Gained mutation: Your natural rate of healing is unusually
                  | fast. [Vine Stalker growth]
  2071 | D:2      | Reached XP level 4. HP: 24/24 MP: 5/5
  2271 | D:3      | Reached XP level 5. HP: 14/28 MP: 3/6
  2453 | D:3      | Reached skill level 3 in Axes
  2517 | D:3      | Found a hazy altar of Hepliaklqana.
  2742 | D:4      | Reached XP level 6. HP: 32/32 MP: 7/7
  2881 | D:4      | Reached skill level 4 in Axes
  2881 | D:4      | Reached skill level 1 in Dodging
  3162 | D:4      | Reached XP level 7. HP: 23/37 MP: 6/8
  3190 | D:4      | HP: 1/37 [something/puff of flame (5)]
  3593 | D:5      | Entered Level 5 of the Dungeon
  3709 | D:5      | Reached skill level 5 in Axes
  3711 | D:5      | Succumbed to a gnoll sergeant's poison

Skill      XL: |  1  2  3  4  5  6  7 |
---------------+----------------------+-----
Fighting       | 3 |  3.8
Shields        | 3 4 |  4.3
Axes           | 2 3 4 5 |  5.1
Armour         | 3 |  3.7
Dodging        | 1 |  1.5
Stealth        | |  0.7

Action                   |  1- 3 |  4- 6 |  7- 9 || total
-------------------------+-------+-------+-------++-------
Melee: War axe           |   101 |   174 |    56 ||   331
       Bite              |    28 |    46 |    15 ||    89
  Use: Potion            |     4 |     1 |     2 ||     7
       Scroll            |     3 |       |       ||     3
  Eat: Chunk             |     4 |     4 |     1 ||     9
Armor: Scale mail        |    39 |    63 |    33 ||   135
Dodge: Dodged            |    23 |    41 |    20 ||    84
Block: Shield            |    53 |   104 |    39 ||   196
